[ AOE2 MATCH · #478042195 ]
UnrankedBurgundians vs Franks
[ REPLAY ANALYSIS · EXTRACTED FROM THE RECORDED GAME ]
Feudal
13:53
Castle
19:52
Imperial
—
| APM avg | 17.1 |
| APM peak | 39 |
| eAPM avg | 11.3 |
| Villagers / military | 76 / 33 |
Focus
⚔️ 25.5% · 🌾 74.5%
Knight ×28 · Spearman ×4 · Monk ×1
Feudal
9:03
Castle
—
Imperial
—
| APM avg | 37.2 |
| APM peak | 122 |
| eAPM avg | 17.0 |
| Villagers / military | 43 / 10 |
Focus
⚔️ 59.5% · 🌾 40.5%
Scout Cavalry ×10
Feudal
13:33
Castle
28:54
Imperial
—
| APM avg | 21.2 |
| APM peak | 47 |
| eAPM avg | 11.3 |
| Villagers / military | 58 / 63 |
Focus
⚔️ 34.9% · 🌾 65.1%
Archer ×47 · Spearman ×14 · Battering Ram ×2
Feudal
19:40
Castle
23:41
Imperial
—
| APM avg | 32.0 |
| APM peak | 72 |
| eAPM avg | 15.1 |
| Villagers / military | 97 / 4 |
Focus
⚔️ 16.6% · 🌾 83.4%
Unknown (2550) ×16 · Monk ×4
Feudal
13:02
Castle
19:22
Imperial
—
| APM avg | 27.3 |
| APM peak | 74 |
| eAPM avg | 10.9 |
| Villagers / military | 65 / 25 |
Focus
⚔️ 25.5% · 🌾 74.5%
Knight ×14 · Camel Scout ×10 · Scout Cavalry ×1
Feudal
11:55
Castle
—
Imperial
—
| APM avg | 16.3 |
| APM peak | 62 |
| eAPM avg | 8.3 |
| Villagers / military | 40 / 13 |
Focus
⚔️ 17.2% · 🌾 82.8%
Skirmisher ×13
Feudal
9:43
Castle
23:00
Imperial
—
| APM avg | 35.9 |
| APM peak | 85 |
| eAPM avg | 17.5 |
| Villagers / military | 93 / 59 |
Focus
⚔️ 36.0% · 🌾 64.0%
Spearman ×31 · Archer ×22 · Unknown (2550) ×12 · Monk ×5 · Unknown (2582) ×2 · Battering Ram ×1
Feudal
9:53
Castle
22:43
Imperial
—
| APM avg | 51.2 |
| APM peak | 113 |
| eAPM avg | 22.1 |
| Villagers / military | 87 / 102 |
Focus
⚔️ 38.7% · 🌾 61.3%
Knight ×58 · Spearman ×24 · Scout Cavalry ×10 · Monk ×6 · Militia ×2 · Battering Ram ×2
Match map
Initial resources + every placement click. Lines = walls · curves = elevation contours. ◆ gold · ⬟ stone · ● berries · ✦ relic · ◌ wall gap
Your base· Open — 7t gap
|AT| Gorkha's base· Open — 3t gap
PJtheDcoy's base· ✓ Closed at 28:54 · 55t walls · 1 gate(s)
smyracula's base· Open — 5t gap
Fr4ggi's base· ✓ Closed at 19:22 · 64t walls · 2 gate(s)
AsturFreeman's base· Open — 2t gap
Quando's base· ✓ Closed at 23:00 · 50t walls · 1 gate(s)
[PyV] Guillermo Moreno's base· ✓ Closed at 22:43 · 38t walls · 1 gate(s)
Smoothed initial terrain · ◌ = detected wall gap · hover for details
Inputs per minute
— Relief - - |AT| Gorkha
Build order — Relief
First 150 of 197 actions detected
| 0:01 | Queue | Villager (Male) |
| 0:01 | Queue | Villager (Male) |
| 0:03 | Build | House |
| 0:05 | Build | House |
| 0:18 | Queue | Villager (Male) |
| 0:19 | Queue | Villager (Male) |
| 1:34 | Queue | Villager (Male) |
| 1:49 | Build | Lumber Camp |
| 1:59 | Queue | Villager (Male) |
| 1:59 | Queue | Villager (Male) |
| 2:28 | Queue | Villager (Male) |
| 2:46 | Queue | Villager (Male) |
| 3:04 | Queue | Villager (Male) |
| 3:38 | Queue | Villager (Male) |
| 3:52 | Build | House |
| 3:54 | Build | House |
| 3:59 | Queue | Villager (Male) |
| 4:17 | Build | Mill |
| 4:28 | Build | Palisade Wall |
| 4:33 | Queue | Villager (Male) |
| 4:58 | Queue | Villager (Male) |
| 4:59 | Queue | Villager (Male) |
| 5:53 | Queue | Villager (Male) |
| 5:54 | Queue | Villager (Male) |
| 6:18 | Queue | Villager (Male) |
| 6:26 | Queue | Villager (Male) |
| 6:41 | Build | Farm |
| 6:44 | Queue | Villager (Male) |
| 6:56 | Build | Lumber Camp |
| 7:01 | Build | Palisade Wall |
| 7:30 | Build | Farm |
| 7:31 | Queue | Villager (Male) |
| 8:15 | Queue | Villager (Male) |
| 8:47 | Queue | Villager (Male) |
| 8:57 | Build | House |
| 9:04 | Queue | Villager (Male) |
| 9:11 | Research | Loom |
| 9:38 | Queue | Villager (Male) |
| 9:50 | Queue | Villager (Male) |
| 10:20 | Queue | Villager (Male) |
| 10:20 | Queue | Villager (Male) |
| 10:21 | Queue | Villager (Male) |
| 10:46 | Research | Feudal Age |
| 11:00 | Build | Palisade Wall |
| 12:10 | Build | Mining Camp |
| 12:44 | Build | Farm |
| 13:02 | Build | Farm |
| 13:42 | Queue | Villager (Male) |
| 13:53 | Age | Feudal Age |
| 13:57 | Build | Barracks |
| 14:05 | Build | Palisade Wall |
| 14:10 | Build | Farm |
| 14:13 | Queue | Villager (Male) |
| 14:35 | Queue | Spearman |
| 14:44 | Build | Stable |
| 15:15 | Queue | Spearman |
| 15:25 | Build | Blacksmith |
| 15:29 | Queue | Villager (Male) |
| 15:37 | Build | Farm |
| 15:41 | Build | Farm |
| 16:01 | Build | Palisade Wall |
| 17:02 | Queue | Spearman |
| 17:12 | Research | Castle Age |
| 18:05 | Build | Farm |
| 18:10 | Build | Farm |
| 18:24 | Build | Farm |
| 18:42 | Queue | Spearman |
| 18:47 | Build | Farm |
| 18:54 | Build | Farm |
| 19:52 | Age | Castle Age |
| 19:56 | Build | Town Center |
| 20:24 | Build | Palisade Wall |
| 20:37 | Queue | Villager (Male) |
| 21:01 | Queue | Villager (Male) |
| 21:04 | Queue | Knight |
| 21:17 | Build | Palisade Gate |
| 21:30 | Build | Stable |
| 21:34 | Build | House |
| 21:41 | Build | Farm |
| 21:43 | Queue | Villager (Male) |
| 21:43 | Queue | Villager (Male) |
| 21:55 | Build | Farm |
| 21:57 | Queue | Villager (Male) |
| 21:57 | Queue | Villager (Male) |
| 22:18 | Build | Farm |
| 22:19 | Queue | Villager (Male) |
| 22:33 | Research | Cavalier (upgrade) |
| 22:40 | Build | Farm |
| 22:41 | Queue | Villager (Male) |
| 22:42 | Queue | Villager (Male) |
| 22:44 | Queue | Villager (Male) |
| 23:08 | Queue | Villager (Male) |
| 23:20 | Build | Farm |
| 23:21 | Queue | Villager (Male) |
| 23:21 | Queue | Villager (Male) |
| 23:24 | Build | Farm |
| 23:42 | Build | House |
| 23:48 | Build | House |
| 23:50 | Build | House |
| 23:52 | Build | House |
| 23:54 | Queue | Villager (Male) |
| 24:02 | Research | Wheelbarrow |
| 24:06 | Research | Scale Barding Armor |
| 24:09 | Research | Husbandry |
| 24:36 | Queue | Villager (Male) |
| 24:36 | Queue | Villager (Male) |
| 24:59 | Research | Double-Bit Axe |
| 25:04 | Build | Farm |
| 25:07 | Queue | Villager (Male) |
| 25:08 | Queue | Villager (Male) |
| 25:23 | Research | Horse Collar |
| 25:30 | Queue | Knight |
| 25:31 | Queue | Knight |
| 25:34 | Queue | Villager (Male) |
| 25:35 | Queue | Villager (Male) |
| 25:40 | Build | House |
| 25:44 | Build | House |
| 25:48 | Build | House |
| 25:51 | Build | House |
| 25:53 | Queue | Villager (Male) |
| 25:54 | Queue | Villager (Male) |
| 26:17 | Queue | Villager (Male) |
| 26:37 | Build | House |
| 26:45 | Queue | Villager (Male) |
| 26:56 | Build | Town Center |
| 26:59 | Queue | Knight |
| 26:59 | Queue | Knight |
| 27:05 | Queue | Villager (Male) |
| 27:05 | Queue | Villager (Male) |
| 27:06 | Queue | Villager (Male) |
| 27:20 | Build | House |
| 27:21 | Build | House |
| 27:22 | Build | House |
| 27:25 | Build | House |
| 27:27 | Build | House |
| 27:29 | Queue | Villager (Male) |
| 27:29 | Queue | Villager (Male) |
| 27:35 | Research | Gold Mining |
| 27:38 | Queue | Knight |
| 27:40 | Queue | Knight |
| 27:54 | Queue | Villager (Male) |
| 28:10 | Build | Lumber Camp |
| 28:18 | Build | Farm |
| 28:20 | Queue | Villager (Male) |
| 28:22 | Research | Bow Saw |
| 28:27 | Queue | Knight |
| 28:35 | Queue | Villager (Male) |
| 28:48 | Build | Monastery |
| 28:49 | Queue | Villager (Male) |
| 28:49 | Queue | Villager (Male) |
Build order — |AT| Gorkha
100 actions detected in the replay
| 0:02 | Queue | Villager (Male) |
| 0:02 | Queue | Villager (Male) |
| 0:03 | Queue | Villager (Male) |
| 0:03 | Build | House |
| 0:05 | Build | House |
| 0:17 | Queue | Villager (Male) |
| 0:17 | Queue | Villager (Male) |
| 1:27 | Queue | Villager (Male) |
| 1:27 | Queue | Villager (Male) |
| 1:47 | Build | Lumber Camp |
| 2:01 | Queue | Villager (Male) |
| 2:01 | Queue | Villager (Male) |
| 2:21 | Queue | Villager (Male) |
| 2:52 | Queue | Villager (Male) |
| 2:52 | Queue | Villager (Male) |
| 3:06 | Queue | Villager (Male) |
| 3:06 | Queue | Villager (Male) |
| 3:37 | Build | House |
| 3:43 | Queue | Villager (Male) |
| 4:08 | Queue | Villager (Male) |
| 4:08 | Queue | Villager (Male) |
| 4:30 | Queue | Villager (Male) |
| 4:37 | Build | Mill |
| 4:53 | Queue | Villager (Male) |
| 5:20 | Queue | Villager (Male) |
| 5:40 | Queue | Villager (Male) |
| 5:54 | Research | Loom |
| 6:53 | Research | Feudal Age |
| 7:37 | Build | Barracks |
| 7:49 | Build | House |
| 8:50 | Queue | Villager (Male) |
| 9:03 | Age | Feudal Age |
| 9:06 | Build | Stable |
| 9:09 | Research | Double-Bit Axe |
| 9:13 | Queue | Villager (Male) |
| 9:28 | Build | House |
| 9:30 | Build | Palisade Wall |
| 9:31 | Build | Palisade Wall |
| 9:47 | Build | Farm |
| 9:47 | Build | Farm |
| 9:50 | Queue | Villager (Male) |
| 10:01 | Queue | Scout Cavalry |
| 10:01 | Queue | Scout Cavalry |
| 10:09 | Queue | Villager (Male) |
| 10:15 | Build | Farm |
| 10:29 | Queue | Villager (Male) |
| 10:45 | Build | Farm |
| 10:46 | Build | Farm |
| 10:50 | Build | Farm |
| 10:58 | Build | Farm |
| 11:00 | Queue | Villager (Male) |
| 11:14 | Queue | Villager (Male) |
| 11:18 | Build | House |
| 11:22 | Build | Farm |
| 11:25 | Build | Farm |
| 11:28 | Build | Farm |
| 11:29 | Queue | Villager (Male) |
| 11:38 | Build | Farm |
| 11:43 | Queue | Villager (Male) |
| 11:46 | Build | House |
| 12:00 | Queue | Scout Cavalry |
| 12:00 | Queue | Scout Cavalry |
| 12:22 | Build | Farm |
| 12:36 | Build | House |
| 12:39 | Queue | Scout Cavalry |
| 12:40 | Queue | Villager (Male) |
| 12:47 | Build | Farm |
| 12:53 | Queue | Villager (Male) |
| 12:54 | Queue | Scout Cavalry |
| 13:22 | Queue | Villager (Male) |
| 13:23 | Queue | Scout Cavalry |
| 13:31 | Build | Palisade Wall |
| 13:42 | Queue | Villager (Male) |
| 13:43 | Queue | Scout Cavalry |
| 13:56 | Build | Farm |
| 13:57 | Build | Farm |
| 14:11 | Queue | Villager (Male) |
| 14:15 | Build | House |
| 14:17 | Build | Palisade Wall |
| 14:41 | Queue | Villager (Male) |
| 14:48 | Build | Farm |
| 14:54 | Queue | Scout Cavalry |
| 14:58 | Build | Blacksmith |
| 15:14 | Queue | Villager (Male) |
| 15:25 | Queue | Villager (Male) |
| 15:30 | Build | Market |
| 15:35 | Queue | Villager (Male) |
| 15:47 | Build | House |
| 15:52 | Build | Farm |
| 15:57 | Build | House |
| 15:59 | Build | Palisade Wall |
| 16:19 | Queue | Villager (Male) |
| 16:22 | Queue | Scout Cavalry |
| 16:38 | Build | Mining Camp |
| 16:41 | Queue | Villager (Male) |
| 16:44 | Build | Palisade Gate |
| 17:07 | Queue | Villager (Male) |
| 17:46 | Queue | Villager (Male) |
| 18:06 | Research | Castle Age |
| 18:27 | Build | Stable |
Build order — PJtheDcoy
First 150 of 186 actions detected
| 0:00 | Queue | Villager (Male) |
| 0:01 | Queue | Villager (Male) |
| 0:01 | Queue | Villager (Male) |
| 0:01 | Queue | Villager (Male) |
| 0:02 | Queue | Villager (Male) |
| 0:05 | Build | House |
| 0:06 | Build | House |
| 1:28 | Queue | Villager (Male) |
| 1:51 | Build | Lumber Camp |
| 2:09 | Queue | Villager (Male) |
| 2:25 | Queue | Villager (Male) |
| 2:50 | Queue | Villager (Male) |
| 3:10 | Queue | Villager (Male) |
| 3:44 | Queue | Villager (Male) |
| 3:56 | Queue | Villager (Male) |
| 4:30 | Build | House |
| 4:33 | Research | Loom |
| 4:39 | Queue | Villager (Male) |
| 4:39 | Queue | Villager (Male) |
| 5:39 | Build | Mill |
| 5:49 | Queue | Villager (Male) |
| 5:49 | Queue | Villager (Male) |
| 6:14 | Queue | Villager (Male) |
| 6:19 | Build | House |
| 6:51 | Build | House |
| 7:12 | Queue | Villager (Male) |
| 7:12 | Queue | Villager (Male) |
| 7:34 | Queue | Villager (Male) |
| 7:34 | Queue | Villager (Male) |
| 8:02 | Build | Mining Camp |
| 8:53 | Build | Barracks |
| 9:13 | Build | Palisade Wall |
| 9:18 | Queue | Villager (Male) |
| 9:19 | Queue | Villager (Male) |
| 9:50 | Build | Palisade Gate |
| 9:53 | Build | Palisade Wall |
| 10:00 | Queue | Villager (Male) |
| 10:01 | Queue | Villager (Male) |
| 10:32 | Build | Palisade Wall |
| 10:34 | Build | Palisade Wall |
| 11:23 | Research | Feudal Age |
| 11:37 | Build | Palisade Wall |
| 12:03 | Build | Lumber Camp |
| 12:28 | Build | Palisade Wall |
| 12:57 | Build | Palisade Wall |
| 13:20 | Build | Palisade Wall |
| 13:29 | Queue | Villager (Male) |
| 13:29 | Queue | Villager (Male) |
| 13:33 | Age | Feudal Age |
| 14:09 | Build | Archery Range |
| 14:12 | Build | Palisade Wall |
| 14:27 | Build | Archery Range |
| 14:36 | Build | Blacksmith |
| 14:45 | Queue | Villager (Male) |
| 14:45 | Queue | Villager (Male) |
| 14:47 | Research | Horse Collar |
| 14:48 | Research | Double-Bit Axe |
| 15:01 | Queue | Archer |
| 15:02 | Queue | Archer |
| 15:16 | Build | House |
| 15:17 | Build | House |
| 15:31 | Queue | Villager (Male) |
| 15:34 | Queue | Archer |
| 15:35 | Queue | Archer |
| 15:55 | Queue | Archer |
| 15:59 | Build | Farm |
| 16:02 | Queue | Villager (Male) |
| 16:15 | Build | Farm |
| 16:17 | Build | Farm |
| 16:35 | Queue | Archer |
| 16:35 | Queue | Archer |
| 16:42 | Build | Farm |
| 16:51 | Build | House |
| 16:57 | Research | Fletching |
| 16:59 | Queue | Villager (Male) |
| 17:02 | Build | Farm |
| 17:08 | Build | House |
| 17:15 | Queue | Archer |
| 17:15 | Queue | Archer |
| 17:29 | Build | Farm |
| 17:33 | Queue | Archer |
| 17:33 | Queue | Archer |
| 17:49 | Build | House |
| 17:55 | Queue | Spearman |
| 17:55 | Queue | Spearman |
| 17:57 | Queue | Archer |
| 17:58 | Queue | Archer |
| 18:27 | Queue | Spearman |
| 18:33 | Build | Farm |
| 18:39 | Build | Farm |
| 18:40 | Queue | Villager (Male) |
| 18:42 | Queue | Archer |
| 18:42 | Queue | Archer |
| 20:04 | Queue | Archer |
| 20:04 | Queue | Archer |
| 20:05 | Queue | Archer |
| 20:05 | Queue | Archer |
| 20:06 | Queue | Spearman |
| 20:06 | Queue | Spearman |
| 20:10 | Build | House |
| 20:10 | Build | House |
| 20:38 | Build | House |
| 20:39 | Build | House |
| 20:43 | Queue | Villager (Male) |
| 20:44 | Queue | Villager (Male) |
| 20:46 | Research | Wheelbarrow |
| 20:46 | Queue | Villager (Male) |
| 20:47 | Queue | Villager (Male) |
| 21:00 | Queue | Archer |
| 21:01 | Queue | Archer |
| 21:37 | Research | Padded Archer Armor |
| 21:39 | Queue | Archer |
| 21:39 | Queue | Archer |
| 22:45 | Queue | Archer |
| 22:45 | Queue | Archer |
| 22:46 | Queue | Archer |
| 22:46 | Queue | Archer |
| 22:47 | Queue | Villager (Male) |
| 22:47 | Queue | Villager (Male) |
| 22:50 | Build | Farm |
| 22:54 | Build | House |
| 22:57 | Build | House |
| 22:58 | Build | House |
| 23:01 | Build | House |
| 23:10 | Build | Farm |
| 23:11 | Build | Farm |
| 23:13 | Build | Farm |
| 23:35 | Queue | Archer |
| 23:35 | Queue | Archer |
| 23:43 | Build | Farm |
| 23:46 | Build | Farm |
| 24:20 | Queue | Spearman |
| 24:20 | Queue | Spearman |
| 24:31 | Build | Farm |
| 24:33 | Build | Farm |
| 24:35 | Queue | Villager (Male) |
| 24:38 | Queue | Villager (Male) |
| 24:43 | Build | Mining Camp |
| 25:35 | Queue | Villager (Male) |
| 26:14 | Research | Castle Age |
| 27:19 | Queue | Archer ×5 |
| 27:20 | Queue | Archer |
| 27:32 | Queue | Spearman |
| 27:32 | Queue | Spearman |
| 27:53 | Research | Gold Mining |
| 27:53 | Research | Stone Mining |
| 27:57 | Research | Scale Mail Armor |
| 28:54 | Age | Castle Age |
| 29:01 | Research | Bodkin Arrow |
| 29:02 | Research | Crossbowman (upgrade) |
Build order — smyracula
First 150 of 231 actions detected
| 0:01 | Queue | Villager (Male) |
| 0:02 | Queue | Villager (Male) |
| 0:02 | Queue | Villager (Male) |
| 0:02 | Queue | Villager (Male) |
| 0:03 | Queue | Villager (Male) |
| 0:04 | Build | House |
| 0:09 | Build | Barracks |
| 0:56 | Build | House |
| 1:11 | Queue | Unit 2550 |
| 1:12 | Queue | Unit 2550 |
| 1:39 | Queue | Villager (Male) |
| 2:16 | Queue | Villager (Male) |
| 2:16 | Queue | Villager (Male) |
| 2:39 | Research | Loom |
| 3:16 | Queue | Villager (Male) |
| 3:16 | Queue | Villager (Male) |
| 3:17 | Queue | Villager (Male) |
| 3:34 | Build | House |
| 3:52 | Queue | Villager (Male) |
| 3:53 | Queue | Villager (Male) |
| 4:10 | Queue | Unit 2550 |
| 4:40 | Queue | Villager (Male) |
| 4:40 | Queue | Villager (Male) |
| 4:40 | Queue | Villager (Male) |
| 5:01 | Build | House |
| 5:33 | Queue | Villager (Male) |
| 5:34 | Queue | Villager (Male) |
| 5:58 | Build | House |
| 6:03 | Build | Palisade Wall |
| 6:12 | Queue | Villager (Male) |
| 6:13 | Queue | Villager (Male) |
| 6:13 | Queue | Villager (Male) |
| 6:13 | Queue | Villager (Male) |
| 7:02 | Queue | Villager (Male) |
| 7:02 | Queue | Villager (Male) |
| 7:02 | Queue | Villager (Male) |
| 7:06 | Build | Settlement |
| 7:33 | Queue | Unit 2550 |
| 7:33 | Queue | Unit 2550 |
| 8:04 | Build | Outpost |
| 8:05 | Queue | Villager (Male) |
| 8:06 | Queue | Villager (Male) |
| 8:56 | Queue | Villager (Male) |
| 8:56 | Queue | Villager (Male) |
| 8:57 | Queue | Villager (Male) |
| 9:09 | Queue | Villager (Male) |
| 9:09 | Queue | Villager (Male) |
| 9:10 | Queue | Villager (Male) |
| 9:10 | Queue | Villager (Male) |
| 9:37 | Queue | Villager (Male) |
| 9:38 | Queue | Villager (Male) |
| 10:26 | Build | Settlement |
| 10:27 | Queue | Villager (Male) |
| 10:27 | Queue | Villager (Male) |
| 10:48 | Queue | Unit 2550 |
| 10:48 | Queue | Unit 2550 |
| 10:49 | Queue | Unit 2550 |
| 10:54 | Build | Outpost |
| 10:55 | Queue | Villager (Male) |
| 10:55 | Queue | Villager (Male) |
| 11:24 | Build | Settlement |
| 11:29 | Queue | Unit 2550 |
| 11:30 | Queue | Villager (Male) |
| 11:31 | Queue | Villager (Male) |
| 11:36 | Build | Outpost |
| 12:42 | Queue | Villager (Male) |
| 12:42 | Queue | Villager (Male) |
| 12:44 | Build | Farm |
| 13:00 | Queue | Unit 2550 |
| 13:20 | Build | Barracks |
| 13:27 | Queue | Villager (Male) |
| 13:27 | Queue | Villager (Male) |
| 13:36 | Queue | Unit 2550 |
| 13:36 | Queue | Unit 2550 |
| 13:46 | Build | Farm |
| 14:06 | Queue | Unit 2550 |
| 14:06 | Queue | Unit 2550 |
| 14:11 | Build | Farm |
| 14:13 | Build | Farm |
| 14:15 | Build | Farm |
| 14:17 | Build | Farm |
| 14:23 | Build | Palisade Wall |
| 14:27 | Build | Farm |
| 14:37 | Build | Farm |
| 14:40 | Build | Farm |
| 14:50 | Queue | Unit 2550 |
| 14:50 | Queue | Unit 2550 |
| 14:56 | Build | Farm |
| 15:16 | Build | House |
| 15:18 | Build | House |
| 15:21 | Build | Farm |
| 15:29 | Build | House |
| 15:30 | Build | House |
| 15:32 | Build | House |
| 15:33 | Build | House |
| 16:01 | Build | Farm |
| 16:02 | Build | Farm |
| 16:17 | Build | Palisade Wall |
| 16:30 | Build | Farm |
| 16:33 | Build | Farm |
| 16:39 | Build | Farm |
| 16:49 | Build | Palisade Wall |
| 16:56 | Build | Palisade Wall |
| 17:30 | Research | Feudal Age |
| 17:51 | Build | House |
| 18:06 | Build | House |
| 18:09 | Build | House |
| 18:48 | Build | House |
| 18:51 | Build | House |
| 19:25 | Build | House |
| 19:29 | Build | House |
| 19:40 | Age | Feudal Age |
| 19:46 | Queue | Villager (Male) |
| 19:47 | Queue | Villager (Male) |
| 19:47 | Queue | Villager (Male) |
| 19:54 | Build | Archery Range |
| 20:01 | Build | Blacksmith |
| 20:06 | Build | Settlement |
| 20:30 | Build | House |
| 20:32 | Build | House |
| 20:55 | Build | Outpost |
| 20:57 | Research | Castle Age |
| 21:10 | Build | House |
| 21:12 | Build | House |
| 21:14 | Build | Palisade Wall |
| 21:16 | Build | House |
| 21:29 | Build | Watch Tower |
| 21:35 | Build | Watch Tower |
| 22:40 | Build | House |
| 22:47 | Build | House |
| 22:50 | Build | House |
| 23:02 | Build | Watch Tower |
| 23:07 | Build | House |
| 23:32 | Build | House |
| 23:39 | Build | House |
| 23:41 | Age | Castle Age |
| 24:04 | Build | Market |
| 24:42 | Queue | Villager (Male) |
| 24:42 | Queue | Villager (Male) |
| 24:43 | Queue | Villager (Male) |
| 24:43 | Queue | Villager (Male) |
| 24:43 | Queue | Villager (Male) |
| 24:44 | Queue | Villager (Male) |
| 24:44 | Queue | Villager (Male) |
| 24:44 | Queue | Villager (Male) |
| 24:45 | Queue | Villager (Male) |
| 24:45 | Queue | Villager (Male) |
| 24:47 | Build | House |
| 24:48 | Build | House |
| 25:55 | Build | House |
Build order — Fr4ggi
First 150 of 180 actions detected
| 0:03 | Build | House |
| 0:05 | Build | House |
| 0:23 | Queue | Villager (Male) |
| 0:23 | Queue | Villager (Male) |
| 0:23 | Queue | Villager (Male) |
| 0:24 | Queue | Villager (Male) |
| 0:58 | Queue | Villager (Male) |
| 0:58 | Queue | Villager (Male) |
| 1:47 | Queue | Villager (Male) |
| 2:02 | Build | Lumber Camp |
| 2:33 | Queue | Villager (Male) |
| 3:15 | Queue | Villager (Male) |
| 4:23 | Queue | Villager (Male) |
| 4:23 | Queue | Villager (Male) |
| 4:42 | Build | House |
| 4:55 | Build | Mill |
| 4:59 | Queue | Villager (Male) |
| 5:52 | Queue | Villager (Male) |
| 5:53 | Queue | Villager (Male) |
| 6:34 | Queue | Villager (Male) |
| 6:45 | Build | House |
| 6:58 | Queue | Villager (Male) |
| 7:27 | Build | Palisade Wall |
| 7:34 | Queue | Villager (Male) |
| 7:34 | Queue | Villager (Male) |
| 8:19 | Build | Palisade Wall |
| 8:35 | Build | Palisade Wall |
| 8:43 | Build | Palisade Wall |
| 8:53 | Build | Palisade Gate |
| 8:58 | Queue | Villager (Male) |
| 8:58 | Queue | Villager (Male) |
| 9:11 | Build | Barracks |
| 9:20 | Build | Palisade Wall |
| 10:03 | Queue | Villager (Male) |
| 10:04 | Queue | Villager (Male) |
| 10:26 | Build | Palisade Wall |
| 10:36 | Build | Mining Camp |
| 10:57 | Build | Farm |
| 10:58 | Research | Feudal Age |
| 11:11 | Build | Farm |
| 11:24 | Build | House |
| 11:46 | Build | Palisade Gate |
| 11:58 | Build | Lumber Camp |
| 13:02 | Age | Feudal Age |
| 13:15 | Build | Stable |
| 13:25 | Queue | Villager (Male) |
| 13:51 | Build | Blacksmith |
| 13:53 | Build | House |
| 13:57 | Build | Farm |
| 14:03 | Build | Farm |
| 14:15 | Build | Farm |
| 14:16 | Queue | Villager (Male) |
| 14:16 | Queue | Villager (Male) |
| 14:22 | Queue | Scout Cavalry |
| 14:55 | Build | House |
| 15:05 | Build | Farm |
| 15:11 | Build | Farm |
| 15:16 | Build | Farm |
| 15:19 | Queue | Villager (Male) |
| 15:54 | Build | Farm |
| 15:59 | Queue | Villager (Male) |
| 16:08 | Build | Farm |
| 16:27 | Build | Farm |
| 16:57 | Research | Castle Age |
| 17:34 | Build | Farm |
| 17:44 | Build | Farm |
| 18:00 | Build | Farm |
| 18:04 | Build | Farm |
| 18:40 | Research | Bloodlines |
| 18:42 | Research | Scale Barding Armor |
| 18:43 | Research | Forging |
| 19:06 | Build | Farm |
| 19:08 | Build | Farm |
| 19:22 | Age | Castle Age |
| 19:27 | Queue | Knight |
| 19:42 | Build | Farm |
| 19:43 | Queue | Villager (Male) |
| 19:53 | Queue | Camel Scout |
| 20:44 | Build | Farm |
| 20:46 | Queue | Villager (Male) |
| 20:48 | Queue | Villager (Male) |
| 20:54 | Queue | Knight |
| 20:55 | Queue | Camel Scout |
| 21:09 | Build | House |
| 21:14 | Research | Horse Collar |
| 21:17 | Research | Double-Bit Axe |
| 21:24 | Build | Farm |
| 21:42 | Queue | Knight |
| 22:27 | Build | House |
| 22:44 | Build | Town Center |
| 22:48 | Build | Farm |
| 22:53 | Queue | Villager (Male) |
| 22:56 | Research | Heavy Plow |
| 22:58 | Queue | Knight |
| 22:59 | Research | Husbandry |
| 23:00 | Queue | Camel Scout |
| 23:11 | Research | Chain Barding Armor |
| 23:30 | Build | Farm |
| 23:33 | Queue | Camel Scout |
| 23:39 | Build | Stable |
| 23:46 | Queue | Villager (Male) |
| 24:17 | Build | Farm |
| 24:19 | Queue | Villager (Male) |
| 24:21 | Queue | Camel Scout |
| 24:25 | Research | Gold Mining |
| 24:35 | Queue | Villager (Male) |
| 24:41 | Queue | Camel Scout |
| 25:33 | Build | Farm |
| 25:37 | Queue | Villager (Male) |
| 25:37 | Queue | Villager (Male) |
| 25:38 | Queue | Villager (Male) |
| 25:38 | Queue | Villager (Male) |
| 25:44 | Queue | Villager (Male) |
| 25:44 | Queue | Villager (Male) |
| 26:01 | Build | Farm |
| 26:01 | Build | Farm |
| 26:20 | Build | Farm |
| 27:07 | Build | House |
| 27:08 | Build | House |
| 27:36 | Research | Wheelbarrow |
| 27:39 | Research | Bow Saw |
| 27:43 | Build | Farm |
| 27:56 | Queue | Villager (Male) |
| 27:56 | Queue | Villager (Male) |
| 28:00 | Queue | Villager (Male) |
| 28:14 | Queue | Knight |
| 28:15 | Queue | Camel Scout |
| 28:31 | Build | House |
| 28:32 | Build | House |
| 28:43 | Queue | Villager (Male) |
| 28:43 | Queue | Villager (Male) |
| 28:47 | Queue | Villager (Male) |
| 28:47 | Queue | Villager (Male) |
| 28:53 | Queue | Knight |
| 28:54 | Queue | Camel Scout |
| 29:46 | Research | Hand Cart |
| 29:51 | Queue | Villager (Male) |
| 29:51 | Queue | Villager (Male) |
| 29:56 | Build | House |
| 29:59 | Build | House |
| 31:22 | Queue | Villager (Male) |
| 31:22 | Queue | Villager (Male) |
| 31:22 | Queue | Villager (Male) |
| 31:25 | Build | Lumber Camp |
| 31:33 | Queue | Camel Scout |
| 31:34 | Queue | Camel Scout |
| 31:34 | Queue | Knight |
| 31:35 | Queue | Knight |
| 31:42 | Build | Stable |
| 31:45 | Build | Stable |
Build order — AsturFreeman
105 actions detected in the replay
| 1:56 | Queue | Villager (Male) |
| 1:56 | Queue | Villager (Male) |
| 1:57 | Queue | Villager (Male) |
| 1:57 | Queue | Villager (Male) |
| 1:58 | Build | House |
| 2:01 | Build | House |
| 3:30 | Queue | Villager (Male) |
| 3:30 | Queue | Villager (Male) |
| 3:43 | Build | Lumber Camp |
| 3:55 | Queue | Villager (Male) |
| 4:25 | Queue | Villager (Male) |
| 4:59 | Queue | Villager (Male) |
| 4:59 | Queue | Villager (Male) |
| 4:59 | Queue | Villager (Male) |
| 5:39 | Queue | Villager (Male) |
| 5:39 | Queue | Villager (Male) |
| 6:06 | Build | House |
| 6:12 | Build | House |
| 6:22 | Build | Mill |
| 6:22 | Queue | Villager (Male) |
| 6:37 | Queue | Villager (Male) |
| 6:37 | Queue | Villager (Male) |
| 6:56 | Queue | Villager (Male) |
| 7:26 | Queue | Villager (Male) |
| 7:26 | Queue | Villager (Male) |
| 7:27 | Queue | Villager (Male) |
| 7:52 | Queue | Villager (Male) |
| 8:43 | Queue | Villager (Male) |
| 8:51 | Queue | Villager (Male) |
| 8:59 | Build | Mining Camp |
| 9:40 | Queue | Villager (Male) |
| 9:49 | Queue | Villager (Male) |
| 10:37 | Research | Feudal Age |
| 10:48 | Build | House |
| 10:51 | Build | Palisade Wall |
| 10:59 | Build | Barracks |
| 11:49 | Research | Loom |
| 11:55 | Age | Feudal Age |
| 12:03 | Build | House |
| 12:13 | Build | Palisade Wall |
| 12:23 | Build | Archery Range |
| 12:28 | Queue | Villager (Male) |
| 12:54 | Build | Lumber Camp |
| 13:05 | Build | Farm |
| 13:17 | Queue | Skirmisher |
| 13:18 | Queue | Skirmisher |
| 13:41 | Build | House |
| 13:43 | Build | House |
| 13:50 | Build | Palisade Wall |
| 14:04 | Build | House |
| 14:09 | Build | Palisade Wall |
| 14:19 | Build | Archery Range |
| 14:25 | Build | House |
| 14:34 | Build | House |
| 14:43 | Build | Farm |
| 14:48 | Build | Farm |
| 14:51 | Build | Farm |
| 14:55 | Build | Farm |
| 14:59 | Research | Double-Bit Axe |
| 15:01 | Queue | Villager (Male) |
| 15:01 | Queue | Villager (Male) |
| 15:05 | Queue | Skirmisher |
| 15:06 | Queue | Skirmisher |
| 15:28 | Build | Farm |
| 15:40 | Build | Farm |
| 15:43 | Build | Farm |
| 16:03 | Build | Farm |
| 16:09 | Build | Farm |
| 16:11 | Queue | Villager (Male) |
| 16:13 | Queue | Villager (Male) |
| 16:34 | Queue | Villager (Male) |
| 16:50 | Queue | Skirmisher |
| 16:50 | Queue | Skirmisher |
| 17:01 | Build | Blacksmith |
| 17:13 | Build | Farm |
| 17:18 | Queue | Skirmisher |
| 17:26 | Build | Mining Camp |
| 17:32 | Build | Mining Camp |
| 17:36 | Queue | Villager (Male) |
| 18:00 | Research | Wheelbarrow |
| 18:10 | Build | Market |
| 18:18 | Research | Stone Mining |
| 18:24 | Queue | Skirmisher |
| 18:55 | Build | Watch Tower |
| 19:00 | Queue | Skirmisher |
| 19:03 | Research | Padded Archer Armor |
| 20:19 | Queue | Villager (Male) |
| 20:19 | Queue | Villager (Male) |
| 20:35 | Build | Stone Wall |
| 20:39 | Queue | Villager (Male) |
| 21:02 | Build | Palisade Wall |
| 21:06 | Queue | Villager (Male) |
| 21:34 | Queue | Skirmisher |
| 21:35 | Queue | Skirmisher |
| 21:36 | Queue | Villager (Male) |
| 21:53 | Build | Farm |
| 21:56 | Queue | Villager (Male) |
| 22:45 | Research | Fletching |
| 22:48 | Queue | Villager (Male) |
| 22:48 | Queue | Villager (Male) |
| 22:52 | Research | Town Watch |
| 23:11 | Queue | Skirmisher |
| 23:52 | Research | Castle Age |
| 24:03 | Build | Farm |
| 24:08 | Queue | Skirmisher |
Build order — Quando
First 150 of 261 actions detected
| 0:01 | Queue | Villager (Male) |
| 0:02 | Queue | Villager (Male) |
| 0:02 | Queue | Villager (Male) |
| 0:02 | Queue | Villager (Male) |
| 0:03 | Build | House |
| 0:04 | Build | House |
| 1:18 | Queue | Villager (Male) |
| 1:47 | Build | Settlement |
| 1:51 | Queue | Villager (Male) |
| 2:08 | Queue | Villager (Male) |
| 2:17 | Queue | Villager (Male) |
| 2:51 | Queue | Villager (Male) |
| 3:39 | Queue | Villager (Male) |
| 4:02 | Queue | Villager (Male) |
| 4:03 | Queue | Villager (Male) |
| 4:22 | Build | Settlement |
| 4:31 | Queue | Villager (Male) |
| 4:58 | Build | House |
| 5:28 | Queue | Villager (Male) |
| 5:34 | Queue | Villager (Male) |
| 5:55 | Queue | Villager (Male) |
| 6:22 | Queue | Villager (Male) |
| 6:56 | Research | Loom |
| 7:18 | Build | House |
| 7:24 | Research | Feudal Age |
| 7:49 | Build | Barracks |
| 8:15 | Queue | Villager (Male) |
| 8:55 | Build | House |
| 9:32 | Build | Palisade Wall |
| 9:43 | Age | Feudal Age |
| 9:46 | Build | Archery Range |
| 9:52 | Research | Horse Collar |
| 9:54 | Research | Double-Bit Axe |
| 9:58 | Queue | Villager (Male) |
| 10:15 | Queue | Villager (Male) |
| 10:20 | Queue | Spearman |
| 10:33 | Build | Archery Range |
| 10:45 | Queue | Villager (Male) |
| 10:51 | Build | House |
| 10:53 | Build | Palisade Wall |
| 11:00 | Queue | Archer |
| 11:21 | Build | House |
| 11:26 | Queue | Archer |
| 11:27 | Queue | Villager (Male) |
| 11:27 | Queue | Villager (Male) |
| 11:39 | Queue | Archer |
| 11:39 | Queue | Archer |
| 11:48 | Build | Palisade Wall |
| 11:49 | Build | Palisade Wall |
| 11:51 | Build | Palisade Wall |
| 12:01 | Queue | Archer |
| 12:09 | Build | Palisade Wall |
| 12:13 | Queue | Archer |
| 12:14 | Queue | Villager (Male) |
| 12:36 | Build | Blacksmith |
| 12:52 | Queue | Villager (Male) |
| 12:53 | Queue | Archer |
| 13:07 | Queue | Spearman |
| 13:21 | Build | House |
| 13:27 | Build | House |
| 13:28 | Queue | Villager (Male) |
| 13:29 | Queue | Archer |
| 13:29 | Queue | Archer |
| 13:56 | Build | Palisade Wall |
| 14:02 | Queue | Villager (Male) |
| 14:03 | Queue | Archer |
| 14:03 | Queue | Archer |
| 14:05 | Build | Farm |
| 14:15 | Build | Farm |
| 14:26 | Build | House |
| 14:27 | Build | Palisade Wall |
| 14:31 | Queue | Villager (Male) |
| 14:34 | Research | Fletching |
| 14:43 | Queue | Villager (Male) |
| 14:49 | Build | Farm |
| 15:00 | Queue | Archer |
| 15:13 | Build | Farm |
| 15:15 | Build | Farm |
| 15:24 | Build | Farm |
| 15:26 | Queue | Villager (Male) |
| 15:30 | Build | Farm |
| 15:36 | Queue | Villager (Male) |
| 15:46 | Queue | Archer |
| 15:54 | Queue | Villager (Male) |
| 15:55 | Build | Farm |
| 15:58 | Build | Farm |
| 16:10 | Queue | Archer |
| 16:41 | Queue | Villager (Male) |
| 16:42 | Queue | Archer |
| 16:42 | Queue | Archer |
| 16:51 | Build | House |
| 16:55 | Build | Palisade Wall |
| 17:14 | Queue | Villager (Male) |
| 17:16 | Queue | Archer |
| 17:16 | Queue | Archer |
| 17:20 | Build | Farm |
| 17:21 | Build | Farm |
| 17:26 | Queue | Villager (Male) |
| 17:33 | Build | House |
| 17:36 | Build | Palisade Wall |
| 17:41 | Queue | Villager (Male) |
| 17:47 | Queue | Archer |
| 17:47 | Queue | Archer |
| 18:03 | Queue | Villager (Male) |
| 18:16 | Build | Market |
| 18:29 | Queue | Villager (Male) |
| 18:32 | Build | Farm |
| 19:22 | Queue | Villager (Male) |
| 19:23 | Queue | Archer |
| 19:23 | Queue | Archer |
| 20:18 | Build | Settlement |
| 20:20 | Research | Castle Age |
| 20:28 | Build | House |
| 20:30 | Build | Palisade Wall |
| 20:42 | Queue | Villager (Male) |
| 20:45 | Build | Farm |
| 20:59 | Research | Horse Collar |
| 21:02 | Build | House |
| 21:04 | Build | House |
| 21:25 | Build | Barracks |
| 21:28 | Research | Scale Mail Armor |
| 21:48 | Build | Farm |
| 22:00 | Build | Palisade Gate |
| 22:06 | Research | Tech 1402 |
| 23:00 | Age | Castle Age |
| 23:05 | Queue | Unit 2582 |
| 23:06 | Queue | Unit 2582 |
| 23:09 | Research | Chain Mail Armor |
| 23:26 | Build | Town Center |
| 23:28 | Queue | Villager (Male) |
| 23:34 | Build | House |
| 23:38 | Research | Tech 1351 |
| 23:45 | Queue | Unit 2550 |
| 23:45 | Queue | Unit 2550 |
| 23:46 | Research | Squires |
| 24:07 | Queue | Villager (Male) |
| 24:10 | Build | Farm |
| 24:11 | Build | Farm |
| 24:25 | Queue | Villager (Male) |
| 24:29 | Queue | Unit 2550 |
| 24:30 | Queue | Unit 2550 |
| 24:39 | Build | Farm |
| 24:41 | Queue | Villager (Male) |
| 24:41 | Queue | Villager (Male) |
| 24:59 | Queue | Unit 2550 |
| 25:00 | Queue | Unit 2550 |
| 25:03 | Queue | Unit 2550 |
| 25:04 | Queue | Unit 2550 |
| 25:04 | Queue | Unit 2550 |
| 25:10 | Build | Farm |
Build order — [PyV] Guillermo Moreno
First 150 of 265 actions detected
| 0:00 | Queue | Villager (Male) |
| 0:01 | Queue | Villager (Male) |
| 0:01 | Queue | Villager (Male) |
| 0:01 | Queue | Villager (Male) |
| 0:02 | Queue | Villager (Male) |
| 0:03 | Build | House |
| 0:05 | Build | Barracks |
| 0:59 | Queue | Militia |
| 1:06 | Build | House |
| 1:12 | Queue | Villager (Male) |
| 1:15 | Queue | Militia |
| 1:44 | Queue | Villager (Male) |
| 1:44 | Queue | Villager (Male) |
| 2:08 | Queue | Villager (Male) |
| 2:08 | Queue | Villager (Male) |
| 2:34 | Queue | Villager (Male) |
| 2:34 | Queue | Villager (Male) |
| 3:01 | Queue | Villager (Male) |
| 3:01 | Queue | Villager (Male) |
| 3:15 | Build | House |
| 3:24 | Queue | Villager (Male) |
| 3:25 | Queue | Villager (Male) |
| 3:58 | Queue | Villager (Male) |
| 3:58 | Queue | Villager (Male) |
| 4:07 | Build | House |
| 4:20 | Queue | Villager (Male) |
| 4:20 | Queue | Villager (Male) |
| 4:41 | Queue | Villager (Male) |
| 4:42 | Queue | Villager (Male) |
| 5:33 | Queue | Villager (Male) |
| 5:34 | Queue | Villager (Male) |
| 5:37 | Queue | Villager (Male) |
| 5:50 | Build | Lumber Camp |
| 6:51 | Queue | Villager (Male) |
| 6:52 | Research | Loom |
| 7:18 | Research | Feudal Age |
| 7:18 | Research | Feudal Age |
| 7:47 | Build | Mill |
| 8:07 | Build | House |
| 9:42 | Queue | Villager (Male) |
| 9:48 | Build | Mill |
| 9:53 | Age | Feudal Age |
| 10:00 | Build | Stable |
| 10:02 | Research | Double-Bit Axe |
| 10:03 | Research | Horse Collar |
| 10:03 | Research | Horse Collar |
| 10:41 | Queue | Villager (Male) |
| 10:43 | Queue | Scout Cavalry ×2 |
| 10:43 | Queue | Scout Cavalry ×2 |
| 10:54 | Queue | Villager (Male) |
| 10:58 | Build | Farm |
| 10:58 | Build | Farm |
| 11:09 | Build | House |
| 11:10 | Build | House |
| 11:29 | Queue | Villager (Male) |
| 11:36 | Build | Farm |
| 12:09 | Build | House |
| 12:10 | Queue | Villager (Male) |
| 12:14 | Build | Lumber Camp |
| 12:33 | Queue | Villager (Male) |
| 12:38 | Build | House |
| 12:45 | Queue | Villager (Male) |
| 12:56 | Queue | Scout Cavalry |
| 13:14 | Queue | Villager (Male) |
| 13:18 | Build | Blacksmith |
| 13:28 | Queue | Scout Cavalry |
| 13:38 | Build | House |
| 13:40 | Queue | Spearman |
| 13:45 | Build | Farm |
| 13:47 | Build | Palisade Wall |
| 13:49 | Build | Palisade Wall |
| 13:53 | Build | House |
| 13:54 | Queue | Villager (Male) |
| 14:01 | Build | House |
| 14:03 | Queue | Scout Cavalry |
| 14:06 | Build | Farm |
| 14:09 | Queue | Villager (Male) |
| 14:25 | Research | Forging |
| 15:03 | Queue | Villager (Male) |
| 15:07 | Build | House |
| 15:08 | Build | Palisade Wall |
| 15:12 | Build | Palisade Wall |
| 15:12 | Queue | Villager (Male) |
| 15:15 | Build | Farm |
| 15:15 | Build | Farm |
| 15:15 | Build | Farm |
| 15:16 | Build | Farm |
| 15:16 | Build | Farm |
| 15:16 | Build | Farm |
| 15:16 | Build | Farm |
| 15:16 | Build | Farm |
| 15:17 | Build | Farm |
| 15:17 | Build | Farm |
| 15:17 | Build | Farm |
| 15:20 | Queue | Villager (Male) |
| 15:53 | Build | Farm |
| 15:53 | Build | Farm |
| 15:54 | Build | Farm |
| 15:54 | Build | Farm |
| 15:55 | Queue | Villager (Male) |
| 15:59 | Queue | Villager (Male) |
| 16:08 | Build | House |
| 16:13 | Queue | Villager (Male) |
| 16:40 | Queue | Villager (Male) |
| 16:41 | Build | Mining Camp |
| 16:44 | Queue | Villager (Male) |
| 16:59 | Build | Palisade Wall |
| 17:03 | Queue | Villager (Male) |
| 17:03 | Queue | Villager (Male) |
| 17:37 | Build | Farm |
| 17:38 | Build | Farm |
| 17:38 | Build | Farm |
| 17:38 | Build | Farm |
| 17:38 | Build | Farm |
| 17:38 | Build | Farm |
| 18:29 | Build | Farm |
| 18:29 | Build | Farm |
| 18:38 | Research | Wheelbarrow |
| 19:41 | Research | Castle Age |
| 19:42 | Research | Castle Age |
| 19:56 | Research | Gold Mining |
| 20:04 | Build | Stable |
| 20:19 | Build | Stable |
| 20:20 | Build | Palisade Wall |
| 20:22 | Build | Palisade Wall |
| 20:27 | Research | Scale Barding Armor |
| 20:49 | Research | Bloodlines |
| 21:14 | Queue | Villager (Male) |
| 21:17 | Research | Scale Mail Armor |
| 21:19 | Research | Arson |
| 21:20 | Queue | Spearman |
| 21:20 | Queue | Spearman |
| 21:20 | Queue | Spearman |
| 21:25 | Build | Barracks |
| 21:35 | Build | Palisade Gate |
| 21:46 | Build | House |
| 22:00 | Queue | Spearman |
| 22:39 | Build | Market |
| 22:43 | Age | Castle Age |
| 22:43 | Build | House |
| 22:46 | Queue | Knight |
| 22:47 | Queue | Knight |
| 22:47 | Queue | Knight |
| 22:51 | Research | Chain Barding Armor |
| 22:51 | Research | Bow Saw |
| 22:54 | Queue | Villager (Male) |
| 23:00 | Build | Monastery |
| 23:02 | Queue | Villager (Male) |
| 23:08 | Queue | Knight |
| 23:09 | Queue | Knight |
Match timeline
| 0:05 | [PyV] Guillermo Moreno · first_building Barracks |
| 0:09 | smyracula · first_building Barracks |
| 4:28 | Relief · wall_segment Palisade Wall x13 |
| 6:03 | smyracula · wall_segment Palisade Wall x1 |
| 7:01 | Relief · wall_segment Palisade Wall x10 |
| 7:27 | Fr4ggi · wall_segment Palisade Wall x23 |
| 7:37 | |AT| Gorkha · first_building Barracks |
| 7:49 | Quando · first_building Barracks |
| 8:19 | Fr4ggi · wall_segment Palisade Wall x6 |
| 8:35 | Fr4ggi · wall_segment Palisade Wall x12 |
| 8:43 | Fr4ggi · wall_segment Palisade Wall x5 |
| 8:53 | PJtheDcoy · first_building Barracks |
| 9:03 | |AT| Gorkha · age_up feudal |
| 9:06 | |AT| Gorkha · first_building Stable |
| 9:11 | Fr4ggi · first_building Barracks |
| 9:13 | PJtheDcoy · wall_segment Palisade Wall x5 |
| 9:20 | Fr4ggi · wall_segment Palisade Wall x8 |
| 9:30 | |AT| Gorkha · wall_segment Palisade Wall x2 |
| 9:31 | |AT| Gorkha · wall_segment Palisade Wall x1 |
| 9:32 | Quando · wall_segment Palisade Wall x1 |
| 9:43 | Quando · age_up feudal |
| 9:46 | Quando · first_building Archery Range |
| 9:53 | [PyV] Guillermo Moreno · age_up feudal |
| 9:53 | PJtheDcoy · wall_segment Palisade Wall x3 |
| 10:00 | [PyV] Guillermo Moreno · first_building Stable |
| 10:26 | Fr4ggi · wall_segment Palisade Wall x11 |
| 10:32 | PJtheDcoy · wall_segment Palisade Wall x5 |
| 10:34 | PJtheDcoy · wall_segment Palisade Wall x5 |
| 10:51 | AsturFreeman · wall_segment Palisade Wall x1 |
| 10:53 | Quando · wall_segment Palisade Wall x10 |
| 10:59 | AsturFreeman · first_building Barracks |
| 11:00 | Relief · wall_segment Palisade Wall x16 |
| 11:37 | PJtheDcoy · wall_segment Palisade Wall x10 |
| 11:48 | Quando · wall_segment Palisade Wall x1 |
| 11:49 | Quando · wall_segment Palisade Wall x1 |
| 11:51 | Quando · wall_segment Palisade Wall x1 |
| 11:55 | AsturFreeman · age_up feudal |
| 12:09 | Quando · wall_segment Palisade Wall x1 |
| 12:13 | AsturFreeman · wall_segment Palisade Wall x9 |
| 12:23 | AsturFreeman · first_building Archery Range |
| 12:28 | PJtheDcoy · wall_segment Palisade Wall x4 |
| 12:57 | PJtheDcoy · wall_segment Palisade Wall x11 |
| 13:02 | Fr4ggi · age_up feudal |
| 13:15 | Fr4ggi · first_building Stable |
| 13:20 | PJtheDcoy · wall_segment Palisade Wall x14 |
| 13:31 | |AT| Gorkha · wall_segment Palisade Wall x9 |
| 13:33 | PJtheDcoy · age_up feudal |
| 13:47 | [PyV] Guillermo Moreno · wall_segment Palisade Wall x1 |
| 13:49 | [PyV] Guillermo Moreno · wall_segment Palisade Wall x4 |
| 13:50 | AsturFreeman · wall_segment Palisade Wall x5 |
| 13:53 | Relief · age_up feudal |
| 13:56 | Quando · wall_segment Palisade Wall x10 |
| 13:57 | Relief · first_building Barracks |
| 14:05 | Relief · wall_segment Palisade Wall x4 |
| 14:09 | AsturFreeman · wall_segment Palisade Wall x12 |
| 14:09 | PJtheDcoy · first_building Archery Range |
| 14:12 | PJtheDcoy · wall_segment Palisade Wall x1 |
| 14:17 | |AT| Gorkha · wall_segment Palisade Wall x8 |
| 14:23 | smyracula · wall_segment Palisade Wall x7 |
| 14:27 | Quando · wall_segment Palisade Wall x4 |
| 14:44 | Relief · first_building Stable |
| 15:08 | [PyV] Guillermo Moreno · wall_segment Palisade Wall x6 |
| 15:12 | [PyV] Guillermo Moreno · wall_segment Palisade Wall x10 |
| 15:59 | |AT| Gorkha · wall_segment Palisade Wall x11 |
| 16:01 | Relief · wall_segment Palisade Wall x6 |
| 16:17 | smyracula · wall_segment Palisade Wall x7 |
| 16:49 | smyracula · wall_segment Palisade Wall x16 |
| 16:55 | Quando · wall_segment Palisade Wall x10 |
| 16:56 | smyracula · wall_segment Palisade Wall x9 |
| 16:59 | [PyV] Guillermo Moreno · wall_segment Palisade Wall x13 |
| 17:36 | Quando · wall_segment Palisade Wall x5 |
| 18:49 | |AT| Gorkha · resign |
| 19:22 | Fr4ggi · age_up castle |
| 19:40 | smyracula · age_up feudal |
| 19:52 | Relief · age_up castle |
| 19:54 | smyracula · first_building Archery Range |
| 20:20 | [PyV] Guillermo Moreno · wall_segment Palisade Wall x2 |
| 20:22 | [PyV] Guillermo Moreno · wall_segment Palisade Wall x5 |
| 20:24 | Relief · wall_segment Palisade Wall x15 |
| 20:30 | Quando · wall_segment Palisade Wall x6 |
| 20:35 | AsturFreeman · wall_segment Stone Wall x1 |
| 21:02 | AsturFreeman · wall_segment Palisade Wall x1 |
| 21:14 | smyracula · wall_segment Palisade Wall x1 |
| 22:43 | [PyV] Guillermo Moreno · age_up castle |
| 23:00 | [PyV] Guillermo Moreno · first_building Monastery |
| 23:00 | Quando · age_up castle |
| 23:23 | AsturFreeman · first_market_sell 500 wood |
| 23:29 | AsturFreeman · first_market_buy 100 food |
| 23:41 | smyracula · age_up castle |
| 23:44 | Quando · first_market_buy 100 food |
| 25:57 | smyracula · wall_segment Palisade Wall x1 |
| 26:47 | smyracula · first_building Castle |
| 28:06 | Quando · first_building Monastery |
| 28:47 | Quando · first_building Castle |
| 28:48 | Relief · first_building Monastery |
| 28:54 | PJtheDcoy · age_up castle |
| 29:53 | smyracula · first_market_buy 100 stone |
| 30:46 | [PyV] Guillermo Moreno · first_building Siege Workshop |
| 31:00 | PJtheDcoy · first_building Siege Workshop |
| 31:49 | smyracula · first_building Monastery |
| 32:27 | PJtheDcoy · first_building Castle |
| 32:40 | smyracula · first_building Siege Workshop |
| 33:18 | Quando · first_building Siege Workshop |
| 34:31 | Quando · first_market_sell 100 food |
[ AI ANALYSIS · 1 CREDIT ]
What really happened in this match?
Wolo.gg analyzes every decision: build order, eco, micro, common mistakes by bracket. Personalized analysis on WhatsApp or Discord in 30 seconds.
Civ guide
Burgundians
Perfil
Jugador #2141671